 Dungeon Sprint DCSS version 0.24-a0-375-g4de66ed42b (webtiles) character file.

Game seed: 9940752196559541782

325 Kobolds4U the Unseen (level 6, -2/30 HPs)
             Began as a Spriggan Assassin on May 31, 2019.
             Killed from afar by Sigmund (4 damage)
             ... with a puff of flame
             ... in the Dungeon (Sprint I: "Red Sonja").
             The game lasted 00:01:09 (193 turns).

Kobolds4U the Unseen (Spriggan Assassin)             Turns: 193, Time: 00:01:09

Health: -2/30      AC:  3    Str:  7    XL:     6   Next: 24%
Magic:  7/7        EV: 17    Int: 13    God:
Gold:   162        SH:  0    Dex: 19    Spells: 5/5 levels left

rFire    . . .     SeeInvis +   a - +2 dagger
rCold    . . .     Gourm    .   (shield restricted)
rNeg     . . .     Faith    .   b - +0 robe
rPois    .         Spirit   .   (helmet restricted)
rElec    .         Reflect  .   c - +0 cloak
rCorr    .         Harm     .   (gloves unavailable)
MR       +....     NoTele   +   (boots unavailable)
Stlth    +++++++...             (no amulet)
HPRegen  0.10/turn              (no ring)
MPRegen  0.10/turn              (no ring)

@: very quick
A: very small, unfitting armour, see invisible, herbivore, speed 3, slow
metabolism 2
a: no special abilities


You were in the Dungeon.
You were not hungry.

You visited 1 branch You collected 162 gold pieces.

Inventory:

Hand Weapons
 a - a +2 dagger (weapon)
Missiles
 d - 8 poisoned darts (quivered)
 e - 2 curare-tipped darts
Armour
 b - a +0 robe (worn)
 c - a +0 cloak (worn)
Wands
 m - a wand of flame (22)
Scrolls
 l - a scroll of blinking
Potions
 g - a potion of curing
 h - a potion of heal wounds
 i - a potion of haste
 j - 2 potions of magic
 k - a potion of berserk rage
Comestibles
 f - a ration


   Skills:
 - Level 1.5 Fighting
 - Level 2.1 Short Blades
 - Level 2.0 Throwing
 - Level 1.5 Dodging
 + Level 19.1 Stealth


You had 5 spell levels left.
You didn't know any spells.
Your spell library was empty.

Dungeon Overview and Level Annotations

Branches:
Dungeon (1/1)

Altars:
Cheibriados
Dithmenos
Elyvilon
Fedhas
Gozag
Hepliaklqana
Kikubaaqudgha
Makhleb
Okawaru
Qazlal
Ru
Sif Muna
Trog
Uskayaw
Vehumet
Wu Jian
Xom
Yredelemnul
Zin
The Shining One
Jiyva
Lugonu

Shops:
D ?

Annotations:
D Sigmund


Innate Abilities, Weirdness & Mutations

You are very small and have problems with some larger weapons.
You are too small for most types of armour.
You have supernaturally acute eyesight. (SInv)
You are a herbivore.
You cover ground extremely quickly.
You need to consume almost no food.


Message History

* * * LOW HITPOINT WARNING * * *
You hit Sigmund.
Sigmund is almost dead.
You hit Sigmund but do no damage.
Sigmund is almost dead.
Sigmund casts a spell at you. You resist with almost no effort.
You closely miss Sigmund.
Sigmund is almost dead.
Sigmund closely misses you.
You closely miss Sigmund.
Sigmund is almost dead.
Sigmund gestures at you while chanting. The magic dart hits you!
* * * LOW HITPOINT WARNING * * *
You closely miss Sigmund.
Sigmund is almost dead.
Sigmund casts a spell at you. The puff of flame hits you.
You die...

###################
#<.#.[@..#..+..#__#
#..'@.#@)'..#..'..+
#..#####'#####+#__#
#..# #..# #[####
#..#__#### ##(#
#..#_____##+#Y.+
#⌠⌠#_.∩...'..._#
####_..__##_.#+#
#____ ##+# ####


You could see Sigmund.

Vanquished Creatures
  A slime creature (D)
  An ogre (D)
  A jelly (D)
  Ijyb (D)
4 creatures vanquished.

Notes
Turn   | Place    | Note
-------+----------+-------------------------------------------
     0 | D        | Kobolds4U the Spriggan Assassin began the quest for the
                  | Orb.
     0 | D        | Reached XP level 1. HP: 10/10 MP: 2/2
     1 | D        | Noticed Ijyb
     4 | D        | Killed Ijyb
     4 | D        | Reached skill level 10 in Stealth
     4 | D        | Reached XP level 2. HP: 14/14 MP: 3/3
     7 | D        | Noticed an ogre
    10 | D        | Killed an ogre
    10 | D        | Reached skill level 14 in Stealth
    10 | D        | Reached XP level 3. HP: 18/18 MP: 4/4
    10 | D        | Reached XP level 4. HP: 22/22 MP: 5/5
    19 | D        | Noticed Sigmund
    55 | D        | Found a burning altar of Makhleb.
    55 | D        | Found a viscous altar of Jiyva.
    55 | D        | Found a shimmering altar of Xom.
    55 | D        | Found a corrupted altar of Lugonu.
    55 | D        | Noticed a slime creature
    58 | D        | Killed a slime creature
    58 | D        | Reached skill level 18 in Stealth
    58 | D        | Reached XP level 5. HP: 16/25 MP: 6/6
    58 | D        | Reached XP level 6. HP: 20/30 MP: 7/7
    63 | D        | Found a deep blue altar of Sif Muna.
    64 | D        | Found an ornate altar of the Wu Jian Council.
    65 | D        | Found a radiant altar of Vehumet.
    69 | D        | Reached skill level 19 in Stealth
    71 | D        | Found Moddulah's Magic Scroll Emporium.
    71 | D        | Found an ancient bone altar of Kikubaaqudgha.
    71 | D        | Found a hazy altar of Hepliaklqana.
    71 | D        | Found a stormy altar of Qazlal.
    71 | D        | Found a hide-covered altar of Uskayaw.
    71 | D        | Found a blossoming altar of Fedhas.
    71 | D        | Found a bloodstained altar of Trog.
    71 | D        | Found an iron altar of Okawaru.
    71 | D        | Found a basalt altar of Yredelemnul.
    71 | D        | Found a glowing golden altar of the Shining One.
    71 | D        | Found a snail-covered altar of Cheibriados.
    71 | D        | Found a sacrificial altar of Ru.
    71 | D        | Found a glowing silver altar of Zin.
    71 | D        | Found a shadowy altar of Dithmenos.
    71 | D        | Found a white marble altar of Elyvilon.
    71 | D        | Noticed a yak
    72 | D        | Found an opulent altar of Gozag.
   193 | D        | Killed from afar by Sigmund

Levels and vault maps discovered:
D:        dungeon_sprint_1 [red_sonja_temple_1, red_sonja_temple_small_1]

Skill      XL: |  1  2  3  4  5  6 |
---------------+-------------------+-----
Stealth        | 10 14 18 19 | 19.1
Fighting       | |  1.5
Short Blades   | |  2.1
Throwing       | |  2.0
Dodging        | |  1.5

Action                   |  1- 3 |  4- 6 || total
-------------------------+-------+-------++-------
Melee: Dagger            |     2 |    29 ||    31
 Stab: Sleeping          |     2 |     2 ||     4
Dodge: Dodged            |       |    16 ||    16

Table legend:
 A = Non-vault XP
 B = Vault XP
 C = Vault XP percentage of total XP
 D = Non-vault monster count
 E = Vault monster count
 F = Vault count percentage of total count
                 A         B        C        D         E       F
            +---------+---------+-------+---------+---------+-------
      Total |       0 |     465 | 100.0 |       0 |       4 | 100.0
            +---------+---------+-------+---------+---------+-------
          D |       0 |     465 | 100.0 |       0 |       4 | 100.0
            +---------+---------+-------+---------+---------+-------
